cohdb
Replays
Latest Replays
All Replays
Popular Replays
Top Player Replays
Match Explorer
How It Works
Community
CoH3 Stats
Reddit
Sign in to upload your games and track your stats! →
Sign in with Steam
Match 41318717
Unlisted
Match 41318717
Overview
Messages
Build Orders
End
Royal Engineer Section
Construct Section Command Post
Selects Canadian Shock Battlegroup
Infantry Section
Infantry Section
Grenade Package
ML 3-inch Mortar Team
Selects Attacking Spirit
Selects Canadian Shock Section
Infantry Section
Construct Platoon Command Post
Selects Incendiary Munitions
Humber Armored Car
Vickers Machine Gun Team
Construct Field Infirmary
Selects Pyrotechnics
Infantry Training
Infantry Section
Vickers Machine Gun Team
Construct Company Command Post
Bootyquake
darkkillerman
0
0
Comments
sign in to comment!
No comments posted yet!